 Dungeon Crawl Stone Soup version 0.30.1-11-g7821555f0a (webtiles) character file.

Game seed: 6260728011794120173

609 booth the Cleaver (level 7, 0/62 HPs)
             Began as a Hill Orc Monk on Nov 27, 2023.
             Was a Believer of Beogh.
             Slain by a killer bee (2 damage)
             ... on level 8 of the Dungeon.
             The game lasted 00:19:29 (3450 turns).

booth the Cleaver (Hill Orc Monk)                   Turns: 3450, Time: 00:19:29

Health: 0/62       AC:  5    Str: 16    XL:     7   Next: 43%
Magic:  7/7        EV: 13    Int: 16    God:    Beogh [**....]
Gold:   254        SH:  0    Dex: 13    Spells: 6/6 levels left

rFire   . . .        a - +1 hand axe (drain)
rCold   . . .        (no shield)
rNeg    . . .        b - +0 robe
rPois   .            j - +2 hat
rElec   .            (no cloak)
rCorr   .            (no gloves)
SInv    .            e - +0 pair of boots
Will    .....        p - amulet of regeneration
Stlth   +            g - +6 ring of intelligence
HPRegen 1.10/turn    (no ring)
MPRegen 0.10/turn

%: no passive effects
@: lethally poisoned (0 -> -13)
A: no striking features
a: Renounce Religion, Smiting


You were on level 8 of the Dungeon.
You worshipped Beogh.
Beogh was pleased with you.
You visited 1 branch of the dungeon, and saw 6 of its levels.

You collected 254 gold pieces.

Inventory:

Hand Weapons
 a - a +1 hand axe of draining (weapon)
 l - a +0 war axe
Missiles
 h - a boomerang
 n - 9 poisoned darts (quivered)
Armour
 b - a +0 robe (worn)
 d - an orb of light
 e - a +0 pair of boots (worn)
 j - a +2 hat (worn)
Jewellery
 g - a +6 ring of intelligence (left hand)
 p - an amulet of regeneration (around neck)
 q - an amulet of guardian spirit
Scrolls
 o - a scroll of summoning
Potions
 c - a potion of ambrosia
 f - 3 potions of resistance
 i - 3 potions of brilliance
 k - 4 potions of curing
 m - a potion of heal wounds
 r - a potion of invisibility {unknown}


   Skills:
 + Level 5.9 Fighting
 * Level 8.3 Axes
 + Level 4.0 Dodging


You had 6 spell levels left.
You didn't know any spells.
Your spell library contained the following spells:

 Spells                   Type           Power      Damage    Failure   Level
 Freeze                   Ice            0%         1d3       26%         1
 Magic Dart               Conj           0%         1d3       26%         1
 Call Imp                 Summ           0%         N/A       36%         2
 Cigotuvi's Dreadful Rot  Necr/Pois/Air  0%         N/A       36%         2
 Frozen Ramparts          Ice            0%         1d1       58%         3
 Hailstorm                Conj/Ice       0%         3d3       58%         3
 Ignite Poison            Fire/Tmut/Pois 0%         N/A       58%         3
 Mephitic Cloud           Conj/Pois/Air  0%         N/A       58%         3
 Leda's Liquefaction      Hex/Erth       0%         N/A       94%         4
 Freezing Cloud           Conj/Ice/Air   0%         6-21      100%        5
 Lee's Rapid Deconstruct  Erth           0%         3d4*      100%        5
 Statue Form              Tmut/Erth      0%         N/A       100%        6


Dungeon Overview and Level Annotations

Branches:
Dungeon (5/15)             Temple (0/1) D:5

Altars:
Makhleb
Nemelex Xobeh
Qazlal
Ru
Trog
Uskayaw
Xom

Shops:
D:3 *


Message History

The killer bee closely misses you.
A killer bee comes into view.
The killer bee barely misses you.
You barely miss the killer bee.
The killer bee buzzes angrily.
You hit the killer bee but do no damage.
You feel very sick.
The killer bee stings you but does no damage.
The killer bee stings you.
You are more poisoned.
The killer bee poisons you! The killer bee closely misses you.
The killer bee barely misses you. The killer bee closely misses you.
You hit the killer bee.
The killer bee is lightly wounded.
You hit the killer bee but do no damage.
You drain the killer bee. You miss the killer bee.
You feel very sick. The killer bee closely misses you.
A killer bee comes into view.
The killer bee misses you. The killer bee stings you.
You closely miss the killer bee.
The killer bee buzzes angrily.
Your punch misses the killer bee.
The killer bee is lightly wounded.
You closely miss the killer bee. You barely miss the killer bee.
You feel very sick. The killer bee completely misses you.
The killer bee stings you! The killer bee stings you.
* * * LOW HITPOINT WARNING * * *
The killer bee stings you.
* * * LOW HITPOINT WARNING * * *
You hit the killer bee.
The killer bee is moderately wounded.
You barely miss the killer bee. You closely miss the killer bee.
You feel very sick.
The killer bee barely misses you. x2; The killer bee stings you!
* * * LOW HITPOINT WARNING * * *
You are more poisoned.
The killer bee poisons you! The killer bee stings you.
You die...

#.. #.# ###y# z
...##### ..
#zy#@yy#
#.##..#yyy#
#.....#z..####
#........>#
#......Z....#
..........$..#.#
#####$#####.## #
#.# .# #.# ..


You could see 5 killer bees, a wight and a howler monkey zombie.

Vanquished Creatures
  A black bear (D:4)
  2 scorpions
  An orc priest (D:4)
  A hound (D:4)
  2 iguanas (D:5)
  Natasha (D:4)
  An orc wizard (D:5)
  4 adders
  10 gnolls
  2 worms
  6 dart slugs
  3 orcs (D:5)
  4 endoplasms
  13 giant cockroaches
  8 hobgoblins
  7 jackals
  8 kobolds
  2 quokkas (D:1)
  7 ball pythons
  5 bats
  5 frilled lizards
  3 goblins
  8 rats
104 creatures vanquished.

Notes
Turn   | Place    | Note
-------+----------+-------------------------------------------
     0 | D:1      | booth the Hill Orc Monk began the quest for the Orb.
     0 | D:1      | Reached XP level 1. HP: 19/19 MP: 1/1
   101 | D:1      | Reached XP level 2. HP: 26/27 MP: 2/2
   423 | D:1      | Reached XP level 3. HP: 28/33 MP: 3/3
   592 | D:1      | Reached skill level 5 in Axes
  1071 | D:2      | Reached XP level 4. HP: 35/40 MP: 4/4
  1609 | D:3      | Reached XP level 5. HP: 43/47 MP: 5/5
  1618 | D:3      | Reached skill level 6 in Axes
  1702 | D:3      | Found Neseexa's General Store.
  2358 | D:4      | Reached skill level 5 in Fighting
  2358 | D:4      | Reached XP level 6. HP: 34/56 MP: 6/6
  2764 | D:4      | Reached skill level 7 in Axes
  2775 | D:4      | Found a sacrificial altar of Ru.
  2776 | D:4      | Noticed a black bear
  2795 | D:4      | Killed a black bear
  2806 | D:4      | Found a hide-covered altar of Uskayaw.
  2807 | D:4      | Found a shimmering altar of Xom.
  2809 | D:4      | Found a sparkling altar of Nemelex Xobeh.
  2810 | D:4      | Found a bloodstained altar of Trog.
  2852 | D:4      | Found a stormy altar of Qazlal.
  2863 | D:4      | Became a worshipper of Beogh the Brigand
  2863 | D:4      | Reached * piety under Beogh
  2863 | D:4      | Reached ** piety under Beogh
  3116 | D:4      | Found a burning altar of Makhleb.
  3133 | D:4      | Noticed Natasha
  3137 | D:4      | Killed Natasha
  3138 | D:4      | Reached XP level 7. HP: 61/61 MP: 7/7
  3149 | D:5      | Entered Level 5 of the Dungeon
  3176 | D:5      | Reached skill level 8 in Axes
  3376 | D:5      | Found a staircase to the Ecumenical Temple.
  3425 | D:5      | You fall into a shaft and drop 3 floors!
  3450 | D:8      | HP: 2/62 [killer bee (7)]
  3450 | D:8      | Slain by a killer bee

Illustrated notes

Levels and vault maps discovered:
D:1:      eino_arrival_tree_alley, layout_loops_cross, minmay_misc_feat_x,
          minmay_worlds_worst_comb
D:2:      layout_rooms
D:3:      layout_loops_ring, serial_shops, nicolae_square_shop
D:4:      layout_basic, lemuel_round_altar, grunt_temple_overflow_open,
          marbit_many_paths, cheibrodos_sewer_entry_bend, grunt_decor_cap,
          uniq_natasha
D:5:      layout_gridville, riverfiend_overflow_shadow_ancestor,
          minmay_temple_entry_purple_smoke, nicolae_ossuary_entry_plus
D:8:      layout_loops_cross, serial_undead, serial_undead_b, serial_undead_c,
          serial_undead_c, serial_undead_d, hangedman_abyss_or_decor_slice,
          uniq_erica, uniq_psyche

Skill      XL: |  1  2  3  4  5  6  7 |
---------------+----------------------+-----
Fighting       | 4 5 |  5.9
Axes           | 5 6 7 8 |  8.3
Dodging        | 3 4 |  4.0

Action                     |  1- 3 |  4- 6 |  7- 9 || total
---------------------------+-------+-------+-------++-------
  Melee: Hand axe          |   104 |   134 |    44 ||   282
         Punch             |       |     1 |     1 ||     2
  Throw: Dart              |       |     4 |     6 ||    10
 Invoke: Convert to Beogh  |       |     1 |       ||     1
    Use: Scroll            |     3 |     3 |     1 ||     7
         Potion            |       |     2 |       ||     2
   Stab: Sleeping          |       |     1 |       ||     1
 Armour: Robe              |    20 |    38 |    10 ||    68
  Dodge: Dodged            |    58 |    80 |    38 ||   176
